[Event "FIDE WYCC Open U14 2023"]
[Site "Montesilvano"]
[Date "2023.11.24"]
[Round "11.9"]
[White "Dotzer, Lukas"]
[Black "Lin, Leo"]
[Result "1-0"]
[ECO "B07"]
[WhiteElo "2339"]
[BlackElo "2097"]
[Annotator "RC"]
[PlyCount "121"]
[EventDate "2023.11.13"]
[EventType "swiss"]
[EventCountry "ITA"]
[SourceTitle "playchess.com"]
[Source "ChessBase"]
[SourceQuality "1"]
[TimeControl "40/5400+30:1800+30"]

1. e4 d6 2. d4 Nf6 3. Nc3 e5 4. Nf3 exd4 5. Nxd4 Be7 6. Bf4 O-O 7. Qd2 d5 8. exd5 Nxd5 9. Nxd5 Qxd5 10. Nb5 Re8 11. Be2 Qxd2+ 12. Kxd2 Na6 13. Nxc7 Nxc7 14. Bxc7 Bf5 15. Bd3 Bxd3 16. cxd3 Rac8 17. Rac1 Bb4+ 18. Kd1 Re7 19. Bf4 Rd8 20. Bd2 Bd6 21. Rc4 Red7 22. Rd4 f6 23. Ke2 Rc8 24. Rc1 Re7+ 25. Re4 Rxc1 26. Bxc1 Rc7 27. Rc4 Re7+ 28. Be3 g5 29. Kf3 h5 30. h3 a6 31. Rc8+ Kg7 32. g4 h4 33. d4 Kf7 34. Rh8 Kg7 35. Rd8 Bc7 36. Rc8 Kf7 37. d5 Bd6 38. Rd8 Bc7 39. Rh8 Kg7 40. Rc8 Bd6 41. Bc5 Bxc5 42. Rxc5 Re5 43. b4 b6 44. Rc7+ Kg6 45. d6 a5 46. d7 Rd5 47. Ke4 Rd6 48. b5 a4 49. a3 Rd1 50. Rb7 Rd2 51. Rxb6 Rxd7 52. Ra6 Re7+ 53. Kd5 Re5+ 54. Kc6 Re6+ 55. Kd7 Re2 56. b6 Rd2+ 57. Kc7 Rc2+ 58. Kb8 Rc3 59. b7 Rxh3 60. Ka7 Rb3 61. Rb6 1-0

[Event "FIDE WYCC Open U14 2023"]
[Site "Montesilvano"]
[Date "2023.11.24"]
[Round "11.10"]
[White "Kozlovic, Jernej"]
[Black "Kuziev, Miraziz"]
[Result "0-1"]
[ECO "C78"]
[WhiteElo "2263"]
[BlackElo "2053"]
[Annotator "RC"]
[PlyCount "78"]
[EventDate "2023.11.13"]
[EventType "swiss"]
[EventCountry "ITA"]
[SourceTitle "playchess.com"]
[Source "ChessBase"]
[SourceQuality "1"]
[TimeControl "40/5400+30:1800+30"]

1. e4 e5 2. Nf3 Nc6 3. Bb5 a6 4. Ba4 Nf6 5. O-O b5 6. Bb3 Bc5 7. a4 Rb8 8. c3 d6 9. d4 Bb6 10. axb5 axb5 11. Na3 Bg4 12. Nxb5 O-O 13. Bc2 Bxf3 14. gxf3 Nh5 15. f4 Qh4 16. Qf3 Nxf4 17. Bxf4 exf4 18. Kh1 Ne7 19. Rg1 Ng6 20. b4 Qf6 21. Ra6 Qe6 22. Bd3 Kh8 23. Rga1 Qf6 24. Qg4 c6 25. Na7 Bxa7 26. Rxa7 c5 27. e5 dxe5 28. R1a6 Qd8 29. Bxg6 hxg6 30. dxc5 Qd2 31. Ra2 Qxc3 32. Kg2 Qxb4 33. c6 Qc4 34. c7 Rb1 35. Qe2 Qc1 36. Rc2 Qh1+ 37. Kh3 f3 38. Qxe5 Qg2+ 39. Kh4 Rb4+ 0-1

[Event "FIDE WYCC Open U14 2023"]
[Site "Montesilvano"]
[Date "2023.11.24"]
[Round "11.11"]
[White "Dinh Nho Kiet"]
[Black "Morkunas, Gustas"]
[Result "1-0"]
[ECO "D31"]
[WhiteElo "2253"]
[BlackElo "2052"]
[Annotator "RC"]
[PlyCount "161"]
[EventDate "2023.11.13"]
[EventType "swiss"]
[EventCountry "ITA"]
[SourceTitle "playchess.com"]
[Source "ChessBase"]
[SourceQuality "1"]
[TimeControl "40/5400+30:1800+30"]

1. d4 d5 2. c4 e6 3. Nc3 dxc4 4. e4 c5 5. d5 exd5 6. Nxd5 Nf6 7. Bxc4 Be6 8. Qe2 Bxd5 9. exd5+ Be7 10. Nf3 O-O 11. O-O Bd6 12. b3 a6 13. a4 Re8 14. Qd3 Nbd7 15. Bb2 Qc7 16. Rfe1 h6 17. g3 Rad8 18. Rad1 Qb8 19. a5 Rxe1+ 20. Rxe1 Re8 21. Re3 Qd8 22. Re6 Bf8 23. Bxf6 Nxf6 24. Rb6 Bd6 25. Rxb7 Qxa5 26. Bxa6 Qa1+ 27. Kg2 Qb2 28. Qd2 Qa1 29. Bb5 Ra8 30. Rb6 Rd8 31. Bc4 Qa7 32. Ra6 Qe7 33. Qe3 Qd7 34. Qd3 Qe7 35. Ra2 Re8 36. Bb5 Rb8 37. Nd2 Ng4 38. Qe4 Nf6 39. Qxe7 Bxe7 40. Bc4 Rd8 41. Ra7 Nxd5 42. Ne4 Kf8 43. Bxd5 Rxd5 44. Ra8+ Bd8 45. Nxc5 Ke7 46. Ra7+ Ke8 47. Ne4 f5 48. Nc3 Rd3 49. Na4 Be7 50. Rb7 Kf8 51. Nb6 Ke8 52. Nc4 Rd5 53. b4 g5 54. b5 Rc5 55. Ne3 f4 56. Ng4 h5 57. Nh6 fxg3 58. hxg3 Rc2 59. Nf5 Bc5 60. Ng7+ Kf8 61. Ne6+ Kg8 62. Rb8+ Kf7 63. Nxg5+ Kg6 64. Ne4 Bd4 65. b6 Rb2 66. b7 Kg7 67. Rd8 Be5 68. Nc5 Rb5 69. Nd7 Bxg3 70. Kxg3 Rxb7 71. Nc5 Rb4 72. Rd4 Rb1 73. Nd3 Rg1+ 74. Kh2 Rd1 75. Nf4 Rf1 76. Kg2 Ra1 77. Nxh5+ Kg6 78. Ng3 Ra3 79. f4 Rb3 80. Rd6+ Kf7 81. Kh3 1-0

[Event "FIDE WYCC Open U14 2023"]
[Site "Montesilvano"]
[Date "2023.11.24"]
[Round "11.12"]
[White "Ljepic, Andrej"]
[Black "Daaevik Wadhawan"]
[Result "1/2-1/2"]
[ECO "A45"]
[WhiteElo "2236"]
[BlackElo "1810"]
[Annotator "RC"]
[PlyCount "118"]
[EventDate "2023.11.13"]
[EventType "swiss"]
[EventCountry "ITA"]
[SourceTitle "playchess.com"]
[Source "ChessBase"]
[SourceQuality "1"]
[TimeControl "40/5400+30:1800+30"]

1. d4 Nf6 2. Bg5 c5 3. dxc5 Qa5+ 4. c3 Qxc5 5. Bxf6 gxf6 6. g3 d5 7. Bg2 e6 8. e3 Be7 9. Ne2 Nd7 10. O-O Nb6 11. Nd2 f5 12. Nf4 Bd7 13. a4 a5 14. Qb3 Bd6 15. Nd3 Qc7 16. Nf3 Nc4 17. Qd1 Be7 18. Nd4 O-O 19. Qh5 Kh8 20. Rfc1 Rac8 21. b3 Ne5 22. Qe2 Bf6 23. Nf4 Ng6 24. Nh5 Qd8 25. Nxf6 Qxf6 26. Qd2 b6 27. f4 Qe7 28. Bf1 Rc7 29. c4 dxc4 30. Rxc4 Rfc8 31. Rd1 Rxc4 32. Bxc4 Be8 33. h4 Nf8 34. Nf3 Nd7 35. Qd6 Qxd6 36. Rxd6 Kg7 37. Bb5 Rc7 38. Nd4 Kf8 39. Bxd7 Bxd7 40. Rxb6 Ke7 41. Kf2 Rc5 42. Ke2 Kd8 43. Rb8+ Ke7 44. Rh8 Be8 45. Kd2 Rc8 46. h5 h6 47. Rg8 Rc7 48. g4 fxg4 49. Rxg4 Rc5 50. Rh4 f6 51. e4 Bf7 52. e5 fxe5 53. fxe5 Be8 54. Re4 Bxh5 55. Rh4 Be8 56. Rxh6 Rxe5 57. Rh7+ Kd6 58. Ra7 Bd7 59. Kd3 Rc5 1/2-1/2

[Event "FIDE WYCC Open U14 2023"]
[Site "Montesilvano"]
[Date "2023.11.24"]
[Round "11.13"]
[White "kiladze, Luka"]
[Black "Nurgaliyev, Sauat"]
[Result "1-0"]
[ECO "A45"]
[WhiteElo "2145"]
[BlackElo "2235"]
[Annotator "RC"]
[PlyCount "119"]
[EventDate "2023.11.13"]
[EventType "swiss"]
[EventCountry "ITA"]
[SourceTitle "playchess.com"]
[Source "ChessBase"]
[SourceQuality "1"]
[TimeControl "40/5400+30:1800+30"]

1. d4 Nf6 2. Bf4 g6 3. Nc3 d5 4. e3 Bg7 5. h4 c5 6. Nb5 Na6 7. c3 O-O 8. Be2 h5 9. Nf3 Bg4 10. Ne5 Bxe2 11. Qxe2 Qb6 12. a4 cxd4 13. exd4 Nb8 14. O-O a6 15. Na3 Nc6 16. f3 Nxe5 17. Bxe5 Rfe8 18. Nb1 Bh6 19. a5 Qe6 20. Na3 Nd7 21. Rfe1 f6 22. Bg3 Qf7 23. Qe6 Qxe6 24. Rxe6 Kf7 25. Rae1 Bd2 26. R1e2 Bc1 27. Nc2 Bxb2 28. Be1 Ne5 29. dxe5 Kxe6 30. Nd4+ Kf7 31. e6+ Kf8 32. Rxb2 Rec8 33. Rxb7 Rc5 34. Nb3 Rc6 35. Rb6 Rac8 36. Kf1 g5 37. hxg5 fxg5 38. Ke2 Kg7 39. Nd4 Rxb6 40. axb6 Rb8 41. Bf2 Rxb6 42. Nf5+ Kf6 43. Bxb6 Kxf5 44. Kd3 Kxe6 45. Kd4 g4 46. fxg4 hxg4 47. g3 Kd6 48. Bc5+ Ke6 49. Bb4 Kf5 50. Kxd5 e5 51. c4 e4 52. c5 e3 53. c6 e2 54. c7 e1=Q 55. Bxe1 a5 56. c8=Q+ Kf6 57. Qe6+ Kg7 58. Bc3+ Kh7 59. Qf6 a4 60. Qg7# 1-0

[Event "FIDE WYCC Open U14 2023"]
[Site "Montesilvano"]
[Date "2023.11.24"]
[Round "11.14"]
[White "Gkavardinas, Antonios"]
[Black "Coicev, Matei-Andrei"]
[Result "0-1"]
[ECO "B90"]
[WhiteElo "2230"]
[BlackElo "2006"]
[Annotator "RC"]
[PlyCount "80"]
[EventDate "2023.11.13"]
[EventType "swiss"]
[EventCountry "ITA"]
[SourceTitle "playchess.com"]
[Source "ChessBase"]
[SourceQuality "1"]
[TimeControl "40/5400+30:1800+30"]

1. e4 c5 2. Nf3 d6 3. d4 Nf6 4. Nc3 cxd4 5. Nxd4 a6 6. Be3 Ng4 7. Bc1 Nf6 8. f3 e6 9. Be3 b5 10. Qd2 Nbd7 11. g4 b4 12. Nce2 h6 13. O-O-O Qc7 14. h4 d5 15. exd5 Nxd5 16. Nf4 N7b6 17. Nxd5 Nxd5 18. Bd3 Nxe3 19. Qxe3 Bc5 20. Be4 Bb7 21. Bxb7 Qxb7 22. Qe5 Bxd4 23. Qxd4 O-O 24. f4 Rac8 25. Qd3 Rc5 26. Rhe1 Rfc8 27. Rd2 Rd5 28. Qe4 Rxd2 29. Kxd2 Qb6 30. Re3 Qa5 31. Kc1 Qxa2 32. Qxb4 Qa1+ 33. Kd2 Qg1 34. Qe4 Qxg4 35. c4 Qxh4 36. b4 Qf2+ 37. Re2 Qf1 38. c5 Qa1 39. Qc4 Qa4 40. Rxe6 Qd7+ 0-1

[Event "FIDE WYCC Open U14 2023"]
[Site "Montesilvano"]
[Date "2023.11.24"]
[Round "11.15"]
[White "Katsanis, Vasileios Dim"]
[Black "Davudov, Tunar"]
[Result "0-1"]
[ECO "A65"]
[WhiteElo "2173"]
[BlackElo "2000"]
[Annotator "RC"]
[PlyCount "110"]
[EventDate "2023.11.13"]
[EventType "swiss"]
[EventCountry "ITA"]
[SourceTitle "playchess.com"]
[Source "ChessBase"]
[SourceQuality "1"]
[TimeControl "40/5400+30:1800+30"]

1. d4 Nf6 2. c4 c5 3. d5 e6 4. Nc3 exd5 5. cxd5 d6 6. e4 g6 7. Bd3 Bg7 8. h3 O-O 9. Nf3 Re8 10. O-O b6 11. Re1 Ba6 12. Qe2 Bxd3 13. Qxd3 a6 14. a4 Nbd7 15. Bf4 Qc7 16. g4 c4 17. Qf1 Qc5 18. Re2 b5 19. Be3 Qc8 20. axb5 axb5 21. Rxa8 Qxa8 22. Nxb5 Qb8 23. Nc3 Nxe4 24. Nxe4 Rxe4 25. Rc2 Qb3 26. Qc1 c3 27. bxc3 Qxd5 28. Rd2 Qc6 29. Qd1 Bf8 30. Bd4 Rf4 31. Rd3 Qb5 32. Re3 h5 33. Nh2 hxg4 34. Nxg4 f5 35. Nh2 Qd5 36. Rg3 Kf7 37. Nf3 Be7 38. Ne1 Ne5 39. Qd2 Re4 40. Nd3 Bh4 41. Bxe5 dxe5 42. Rf3 Kg7 43. Qc2 Rc4 44. Re3 e4 45. Nb2 Rc7 46. c4 Qd4 47. Kg2 Bf6 48. Rb3 f4 49. Rb5 f3+ 50. Kg1 Qd7 51. Qxe4 Qxh3 52. Rg5 Bxg5 53. Qe5+ Kh6 54. Qh8+ Rh7 55. Qf8+ Kh5 0-1

[Event "FIDE WYCC Open U14 2023"]
[Site "Montesilvano"]
[Date "2023.11.24"]
[Round "11.16"]
[White "Schuricht, Emil Frederick"]
[Black "Goh, Zi Han"]
[Result "0-1"]
[ECO "E70"]
[WhiteElo "1998"]
[BlackElo "2333"]
[Annotator "RC"]
[PlyCount "114"]
[EventDate "2023.11.13"]
[EventType "swiss"]
[EventCountry "ITA"]
[SourceTitle "playchess.com"]
[Source "ChessBase"]
[SourceQuality "1"]
[TimeControl "40/5400+30:1800+30"]

1. d4 Nf6 2. c4 g6 3. Nc3 Bg7 4. e4 d6 5. Nge2 O-O 6. g3 Nbd7 7. Bg2 e5 8. O-O a5 9. h3 exd4 10. Nxd4 Nc5 11. b3 c6 12. Re1 Re8 13. Bf4 h6 14. Kh2 Qb6 15. f3 Qc7 16. g4 h5 17. g5 Nfd7 18. Kh1 Ne5 19. Re3 Qb6 20. Nce2 a4 21. Rb1 axb3 22. axb3 Ne6 23. Bh2 Nd7 24. Nxe6 Rxe6 25. Rd3 Ne5 26. Rd2 Re8 27. f4 Nd7 28. Rxd6 Nc5 29. Bg1 Qb4 30. Rd8 Be6 31. Rxe8+ Rxe8 32. Qc2 Rd8 33. f5 Bc8 34. fxg6 fxg6 35. Nf4 Kh7 36. Bxc5 Qxc5 37. e5 Bf5 38. Be4 Rd2 39. Bxf5 Rxc2 40. Bxc2 Qf2 41. Bxg6+ Kg8 42. Nd3 Qg3 43. Re1 Qxh3+ 44. Kg1 Qg3+ 45. Kf1 Qxg5 46. Be4 Kf8 47. Nc5 Qf4+ 48. Ke2 Ke7 49. Kd3 Qf2 50. Rh1 Qxc5 51. Rxh5 Bxe5 52. Rh7+ Kd6 53. Rh6+ Kc7 54. Rh7+ Kb6 55. Rd7 Qb4 56. Kc2 Qc3+ 57. Kb1 Qb2# 0-1

[Event "FIDE WYCC Open U14 2023"]
[Site "Montesilvano"]
[Date "2023.11.24"]
[Round "11.17"]
[White "Medhus, Vitus Bondo"]
[Black "George Micheal, Kevin"]
[Result "0-1"]
[ECO "B23"]
[WhiteElo "2108"]
[BlackElo "2317"]
[Annotator "RC"]
[PlyCount "56"]
[EventDate "2023.11.13"]
[EventType "swiss"]
[EventCountry "ITA"]
[SourceTitle "playchess.com"]
[Source "ChessBase"]
[SourceQuality "1"]
[TimeControl "40/5400+30:1800+30"]

1. e4 c5 2. Nc3 e6 3. Nge2 Nc6 4. g3 d5 5. exd5 exd5 6. d4 cxd4 7. Nxd4 Nf6 8. Bg2 Bg4 9. Nde2 Bb4 10. f3 Be6 11. O-O d4 12. Ne4 Nxe4 13. fxe4 Bc4 14. b3 Ba6 15. Rf5 Qb6 16. Kh1 O-O 17. Bb2 Bxe2 18. Qxe2 Bc3 19. Bxc3 dxc3 20. Qc4 Nd4 21. Rf2 Nxb3 22. Rxf7 Rxf7 23. Rf1 Raf8 24. Rxf7 Rxf7 25. e5 Qd4 26. Qc8+ Rf8 27. Qe6+ Kh8 28. Bf3 Qf2 0-1

[Event "FIDE WYCC Open U14 2023"]
[Site "Montesilvano"]
[Date "2023.11.24"]
[Round "11.18"]
[White "Warchol, Kamil"]
[Black "Tenuunbold, Battulga"]
[Result "1/2-1/2"]
[ECO "B31"]
[WhiteElo "2095"]
[BlackElo "2290"]
[Annotator "ChessBase"]
[PlyCount "65"]
[EventDate "2023.11.13"]
[EventType "swiss"]
[EventCountry "ITA"]
[SourceTitle "playchess.com"]
[Source "ChessBase"]
[SourceQuality "1"]
[TimeControl "40/5400+30:1800+30"]

1. e4 c5 2. Nf3 Nc6 3. Bb5 g6 4. O-O Bg7 5. c3 Nf6 6. Re1 O-O 7. d4 cxd4 8. cxd4 d5 9. e5 Ne8 10. Bxc6 bxc6 11. Nc3 Bg4 12. h3 Bxf3 13. Qxf3 f6 14. exf6 Bxf6 15. Qg4 Nd6 16. Bg5 Nf5 17. Rad1 Qd6 18. Bxf6 Qxf6 19. Na4 Rfb8 20. a3 a5 21. Re2 Rb5 22. Nc5 h5 23. Qf4 Nxd4 24. Qxd4 Qxd4 25. Rxd4 Rxc5 26. Rxe7 Rf8 27. f3 Rc1+ 28. Kh2 Rf7 29. Re6 Kg7 30. Ra4 Rb7 31. b4 axb4 32. axb4 h4 33. b5 1/2-1/2

[Event "FIDE WYCC Open U14 2023"]
[Site "Montesilvano"]
[Date "2023.11.24"]
[Round "11.20"]
[White "Fan, Jingyi"]
[Black "Averin, Nikolay"]
[Result "0-1"]
[ECO "D02"]
[WhiteElo "2035"]
[BlackElo "2270"]
[Annotator "RC"]
[PlyCount "86"]
[EventDate "2023.11.13"]
[EventType "swiss"]
[EventCountry "ITA"]
[SourceTitle "playchess.com"]
[Source "ChessBase"]
[SourceQuality "1"]
[TimeControl "40/5400+30:1800+30"]

1. d4 d5 2. Nf3 Nf6 3. Bf4 c5 4. e3 Nc6 5. Nbd2 cxd4 6. exd4 Bf5 7. Bb5 Qb6 8. c4 dxc4 9. a4 a6 10. Nxc4 Qd8 11. Bxc6+ bxc6 12. O-O e6 13. a5 Nd5 14. Bg3 h5 15. Qa4 Rc8 16. Rfc1 f6 17. Qb3 g5 18. h4 g4 19. Nh2 Rh7 20. Nf1 Qd7 21. Nfe3 Qb7 22. Qa4 Nxe3 23. fxe3 Be4 24. Rc3 Qb5 25. Bd6 Qxa4 26. Rxa4 Rd8 27. Bxf8 Kxf8 28. Nd2 Bg6 29. Rb4 Rc7 30. Rb6 e5 31. Rcxc6 Rxc6 32. Rxc6 exd4 33. e4 Ke7 34. e5 Bd3 35. exf6+ Kf7 36. Nf1 Bb5 37. Rc5 d3 38. Rc1 Re8 39. b3 Kxf6 40. Ng3 d2 41. Nxh5+ Kf7 42. Rc7+ Re7 43. Rxe7+ Kxe7 0-1

[Event "FIDE WYCC Open U14 2023"]
[Site "Montesilvano"]
[Date "2023.11.24"]
[Round "11.21"]
[White "Sodbilegt, Naranbold"]
[Black "Zhang, Brian"]
[Result "1-0"]
[ECO "B13"]
[WhiteElo "2151"]
[BlackElo "1867"]
[Annotator "RC"]
[PlyCount "75"]
[EventDate "2023.11.13"]
[EventType "swiss"]
[EventCountry "ITA"]
[SourceTitle "playchess.com"]
[Source "ChessBase"]
[SourceQuality "1"]
[TimeControl "40/5400+30:1800+30"]

1. e4 c6 2. d4 d5 3. exd5 cxd5 4. Bd3 Nc6 5. c3 Nf6 6. Bf4 Bg4 7. Qb3 Qd7 8. Nd2 e6 9. Ngf3 Bd6 10. Bxd6 Qxd6 11. O-O O-O 12. Rfe1 Bxf3 13. Nxf3 Nd7 14. Qc2 h6 15. Re3 Rfc8 16. Qe2 Rab8 17. Nd2 Ne7 18. Rf1 Qc6 19. f4 b5 20. g4 b4 21. f5 Nf8 22. f6 Neg6 23. fxg7 Kxg7 24. Qf2 Rc7 25. h4 bxc3 26. bxc3 Rb2 27. h5 Nh8 28. g5 f5 29. gxf6+ Kf7 30. Qg2 Ke8 31. a4 a6 32. Qe2 Ra7 33. Rb1 Rxb1+ 34. Bxb1 Nf7 35. Nf3 Qxa4 36. Bg6 Rb7 37. Rxe6+ Kd8 38. Rxa6 1-0

[Event "FIDE WYCC Open U14 2023"]
[Site "Montesilvano"]
[Date "2023.11.24"]
[Round "11.22"]
[White "Bolat, Inayat"]
[Black "Myagmarsuren, Evsuld"]
[Result "1-0"]
[ECO "B90"]
[WhiteElo "2088"]
[BlackElo "2150"]
[Annotator "RC"]
[PlyCount "91"]
[EventDate "2023.11.13"]
[EventType "swiss"]
[EventCountry "ITA"]
[SourceTitle "playchess.com"]
[Source "ChessBase"]
[SourceQuality "1"]
[TimeControl "40/5400+30:1800+30"]

1. e4 c5 2. Nf3 d6 3. d4 cxd4 4. Nxd4 Nf6 5. Nc3 a6 6. Bd3 e5 7. Nde2 Be6 8. f4 Qc7 9. O-O Nbd7 10. Kh1 Be7 11. Ng3 h5 12. fxe5 dxe5 13. Nf5 Bxf5 14. Rxf5 h4 15. Bg5 h3 16. g3 O-O-O 17. Qe2 Kb8 18. Bc4 Rhf8 19. Bxf6 Nxf6 20. Nd5 Nxd5 21. Bxd5 g6 22. Rf3 Ka7 23. Rb3 b6 24. a4 a5 25. Rc3 Bc5 26. Qb5 Qe7 27. b4 Bxb4 28. Rc6 Bc5 29. Rb1 Rb8 30. Bc4 Rb7 31. Qa6+ Kb8 32. Bd5 Bd4 33. c3 Be3 34. c4 Rd8 35. Rb3 Bd4 36. g4 Rxd5 37. cxd5 Qh4 38. Rg3 Bf2 39. d6 Qd8 40. Rxh3 Bc5 41. Rh7 Qf6 42. Rc8+ Kxc8 43. Qa8+ Rb8 44. Qc6+ Kd8 45. Rh8+ Qxh8 46. Qc7+ 1-0

[Event "FIDE WYCC Open U14 2023"]
[Site "Montesilvano"]
[Date "2023.11.24"]
[Round "11.23"]
[White "Malinowsky, Levi"]
[Black "Kazantzoglou, Stefanos"]
[Result "1-0"]
[ECO "C78"]
[WhiteElo "2135"]
[BlackElo "2031"]
[Annotator "NA RC"]
[PlyCount "103"]
[EventDate "2023.11.13"]
[EventType "swiss"]
[EventCountry "ITA"]
[SourceTitle "playchess.com"]
[Source "ChessBase"]
[SourceQuality "1"]
[TimeControl "40/5400+30:1800+30"]

1. e4 e5 2. Nf3 Nc6 3. Bb5 a6 4. Ba4 Nf6 5. O-O b5 6. Bb3 Bc5 7. a4 Rb8 8. c3 d6 9. d4 Bb6 10. a5 Ba7 11. h3 Bb7 12. Be3 Nxe4 13. d5 Bxe3 14. dxc6 Nxf2 15. Qe2 Nxh3+ 16. Kh1 Nf4 17. Qxe3 Bc8 18. Nbd2 O-O 19. Rae1 Bf5 20. Ne4 Kh8 21. g3 Bxe4 22. Qxe4 f5 23. Qc2 Nh5 24. Qh2 Qe8 25. g4 fxg4 26. Ng5 Qxc6+ 27. Kg1 g6 28. Nf7+ Kg7 29. Qd2 Qc5+ 30. Kg2 Nf4+ 31. Rxf4 exf4 32. Qxf4 g5 33. Qxg4 Rxf7 34. Bxf7 Rf8 35. b4 Qxc3 36. Qxg5+ Kh8 37. Rc1 Qb2+ 38. Kh1 Qf2 39. Bd5 Qf5 40. Qxf5 Rxf5 41. Bb7 c5 42. Bxa6 cxb4 43. Bb7 Rf2 44. Ra1 b3 45. Bd5 b2 46. Rg1 h5 47. a6 Rf4 48. a7 Rh4+ 49. Kg2 Rg4+ 50. Kh3 Rxg1 51. a8=Q+ Kh7 52. Be4+ 1-0

[Event "FIDE WYCC Open U14 2023"]
[Site "Montesilvano"]
[Date "2023.11.24"]
[Round "11.24"]
[White "Artemov, Andriy"]
[Black "Vingris, Mikelis"]
[Result "0-1"]
[ECO "E73"]
[WhiteElo "1779"]
[BlackElo "2127"]
[Annotator "NA RC"]
[PlyCount "88"]
[EventDate "2023.11.13"]
[EventType "swiss"]
[EventCountry "ITA"]
[SourceTitle "playchess.com"]
[Source "ChessBase"]
[SourceQuality "1"]
[TimeControl "40/5400+30:1800+30"]

1. d4 Nf6 2. c4 g6 3. Nc3 Bg7 4. e4 d6 5. Be2 Nbd7 6. Be3 O-O 7. g4 e5 8. d5 Nc5 9. f3 a5 10. h4 h5 11. g5 Nfd7 12. Nh3 Re8 13. Qc2 Na6 14. a3 Nac5 15. Na4 Nxa4 16. Qxa4 Nc5 17. Bxc5 dxc5 18. Nf2 Qe7 19. O-O-O Bd7 20. Qc2 Qd6 21. Nd3 a4 22. Bf1 Reb8 23. Qf2 Ra5 24. Bh3 Be8 25. Rhe1 c6 26. f4 b5 27. fxe5 Qd8 28. Qc2 Qb6 29. Rd2 bxc4 30. Qxc4 Rb5 31. Ree2 Rb3 32. d6 Rxa3 33. Rc2 Ra1+ 34. Kd2 Rh1 35. Bg2 Rxh4 36. Rf2 Qd8 37. Qxc5 Qxg5+ 38. Ke2 Rh2 39. Kf1 a3 40. Qa7 Rd8 41. Qxa3 Bd7 42. Qc5 Bh3 43. Kg1 Qg3 44. Qb6 Ra8 0-1

[Event "FIDE WYCC Open U14 2023"]
[Site "Montesilvano"]
[Date "2023.11.24"]
[Round "11.25"]
[White "Tao, Sihan"]
[Black "Lira, Suan Bruno Fernandes"]
[Result "0-1"]
[ECO "B15"]
[WhiteElo "2122"]
[BlackElo "1858"]
[Annotator "NA RC"]
[PlyCount "82"]
[EventDate "2023.11.13"]
[EventType "swiss"]
[EventCountry "ITA"]
[SourceTitle "playchess.com"]
[Source "ChessBase"]
[SourceQuality "1"]
[TimeControl "40/5400+30:1800+30"]

1. e4 c6 2. Nc3 d5 3. d4 dxe4 4. Nxe4 Nf6 5. Nxf6+ exf6 6. Bc4 Bd6 7. Qe2+ Be7 8. Nf3 O-O 9. O-O Bd6 10. Re1 a5 11. Bd3 Na6 12. c3 Nc7 13. Bf4 Bxf4 14. Qe4 Bxh2+ 15. Nxh2 g6 16. Qh4 Kg7 17. Nf1 Be6 18. Ne3 Nd5 19. f4 f5 20. Qg3 Nxe3 21. Qxe3 a4 22. Qe5+ Kg8 23. a3 Re8 24. g3 h5 25. Kf2 Qb6 26. Rab1 Ba2 27. Qxe8+ Rxe8 28. Rxe8+ Kg7 29. Rd1 Qxb2+ 30. Re2 Qxa3 31. Ra1 Qxc3 32. Raxa2 Qxd3 33. Rxa4 b5 34. Rb4 Qc3 35. Reb2 h4 36. gxh4 Qh3 37. d5 Qxh4+ 38. Kg2 Qg4+ 39. Kf2 c5 40. Rxb5 Qxf4+ 41. Kg1 Qd4+ 0-1

[Event "FIDE WYCC Open U14 2023"]
[Site "Montesilvano"]
[Date "2023.11.24"]
[Round "11.26"]
[White "George Samir, David"]
[Black "Villa Tornero, Alex"]
[Result "0-1"]
[ECO "B04"]
[WhiteElo "1942"]
[BlackElo "2383"]
[Annotator "RC"]
[PlyCount "80"]
[EventDate "2023.11.13"]
[EventType "swiss"]
[EventCountry "ITA"]
[SourceTitle "playchess.com"]
[Source "ChessBase"]
[SourceQuality "1"]
[TimeControl "40/5400+30:1800+30"]

1. e4 Nf6 2. e5 Nd5 3. d4 d6 4. Nf3 g6 5. Bc4 Nb6 6. Bb3 Bg7 7. Qe2 O-O 8. h3 c5 9. dxc5 dxc5 10. O-O Qc7 11. a4 Be6 12. Bxe6 fxe6 13. Ng5 Qc8 14. f4 Nc6 15. Be3 Bh6 16. Ne4 Nd5 17. g3 Nxe5 18. Bxc5 Nc6 19. c4 Nf6 20. Nbc3 Nxe4 21. Qxe4 e5 22. Kg2 exf4 23. Nd5 Qf5 24. Qxf5 Rxf5 25. Nxe7+ Nxe7 26. Bxe7 Re8 27. Rae1 Bg7 28. Rxf4 Re5 29. Rxe5 Bxe5 30. Bf6 Bxf4 31. gxf4 Re4 32. Kf3 Rxc4 33. a5 Kf7 34. Be5 Ke6 35. Kg4 Rc5 36. Kg5 Rxa5 37. Kh6 Rxe5 38. fxe5 Kxe5 39. Kxh7 Kf6 40. b4 a6 0-1

[Event "FIDE WYCC Open U14 2023"]
[Site "Montesilvano"]
[Date "2023.11.24"]
[Round "11.27"]
[White "Tabatadze, Erekle"]
[Black "Besou, Hussain"]
[Result "0-1"]
[ECO "E73"]
[WhiteElo "1925"]
[BlackElo "2341"]
[Annotator "RC"]
[PlyCount "94"]
[EventDate "2023.11.13"]
[EventType "swiss"]
[EventCountry "ITA"]
[SourceTitle "playchess.com"]
[Source "ChessBase"]
[SourceQuality "1"]
[TimeControl "40/5400+30:1800+30"]

1. d4 Nf6 2. c4 g6 3. Nc3 Bg7 4. e4 d6 5. Be2 O-O 6. Bg5 c5 7. d5 e6 8. f3 exd5 9. cxd5 a6 10. a4 h6 11. Be3 Re8 12. Qd2 Nh7 13. g4 Qh4+ 14. Bf2 Qe7 15. Nh3 h5 16. O-O-O hxg4 17. fxg4 b5 18. Rhe1 b4 19. Nb1 Nd7 20. Bg3 Ne5 21. Nf2 Bd7 22. Bxe5 Qxe5 23. b3 Qxh2 24. Bc4 Bh6 25. Re3 Qe5 26. Rh1 Bxe3 27. Qxe3 Qg5 28. Kd2 Qxe3+ 29. Kxe3 Kg7 30. Nd2 Ng5 31. Kf4 f6 32. Bd3 Nf7 33. Nc4 Reb8 34. Be2 a5 35. Nd1 Bc8 36. Nde3 Ba6 37. Bf1 Bxc4 38. Nxc4 Rd8 39. Ne3 Ne5 40. Kg3 Rh8 41. Rg1 Rh7 42. Bg2 c4 43. bxc4 Rc8 44. Rc1 Nd3 45. Rd1 Nb2 46. Rc1 Nxa4 47. Ra1 b3 0-1

[Event "FIDE WYCC Open U14 2023"]
[Site "Montesilvano"]
[Date "2023.11.24"]
[Round "11.28"]
[White "Lissillour, Baptiste"]
[Black "Panda, Barnabas"]
[Result "1-0"]
[ECO "B42"]
[WhiteElo "2298"]
[BlackElo "1905"]
[Annotator "RC"]
[PlyCount "83"]
[EventDate "2023.11.13"]
[EventType "swiss"]
[EventCountry "ITA"]
[SourceTitle "playchess.com"]
[Source "ChessBase"]
[SourceQuality "1"]
[TimeControl "40/5400+30:1800+30"]

1. e4 c5 2. Nf3 e6 3. d4 cxd4 4. Nxd4 a6 5. Bd3 Ne7 6. O-O Nbc6 7. Nb3 g6 8. Nc3 Bg7 9. Be3 b5 10. Qd2 O-O 11. Bh6 Bxh6 12. Qxh6 Qb6 13. a4 b4 14. Ne2 Ne5 15. a5 Qa7 16. Rad1 Bb7 17. Ng3 d5 18. Qd2 Nxd3 19. cxd3 dxe4 20. dxe4 Nc6 21. Qg5 Rad8 22. Nh5 Ba8 23. Rxd8 Rxd8 24. Nf6+ Kg7 25. Ng4 Qe7 26. Qh6+ Kh8 27. h4 f5 28. Ne3 Nd4 29. Nxd4 Rxd4 30. Rc1 Rd8 31. e5 Bb7 32. Rc4 Kg8 33. Qf4 b3 34. Rc3 Bd5 35. Kh2 Qb7 36. Qg5 Qd7 37. h5 Kg7 38. Qf6+ Kg8 39. hxg6 Rf8 40. Qg5 Kh8 41. Nxd5 exd5 42. Rh3 1-0

[Event "FIDE WYCC Open U14 2023"]
[Site "Montesilvano"]
[Date "2023.11.24"]
[Round "11.29"]
[White "Boci, Mateo"]
[Black "Balint, Peter"]
[Result "0-1"]
[ECO "B42"]
[WhiteElo "1832"]
[BlackElo "2256"]
[Annotator "RC"]
[PlyCount "72"]
[EventDate "2023.11.13"]
[EventType "swiss"]
[EventCountry "ITA"]
[SourceTitle "playchess.com"]
[Source "ChessBase"]
[SourceQuality "1"]
[TimeControl "40/5400+30:1800+30"]

1. e4 c5 2. Nf3 e6 3. d4 cxd4 4. Nxd4 a6 5. Bd3 Bc5 6. Nb3 Ba7 7. O-O Ne7 8. c4 Nbc6 9. Nc3 O-O 10. Qe2 d6 11. Be3 e5 12. Rad1 Na5 13. Nxa5 Qxa5 14. Bb1 Rd8 15. Bxa7 Rxa7 16. Qe3 Nc6 17. Nd5 Ra8 18. a3 Qc5 19. Qg5 h6 20. Qh4 Be6 21. b4 Qa7 22. Kh1 Rac8 23. f4 exf4 24. Qxf4 Rd7 25. Ne3 Ne5 26. c5 Qb8 27. cxd6 Rxd6 28. Nd5 Bxd5 29. exd5 Rf6 30. Qe4 Rxf1+ 31. Rxf1 g6 32. Qf4 Qd6 33. Qxh6 Ng4 34. Qh4 Qf4 35. Bd3 Rc1 36. Rg1 Qxh2+ 0-1